 Dungeon Crawl Stone Soup version 0.29-a0-817-g9904bce7a6 (webtiles) character file.

Game seed: 9240327726602827772

243 indigestion the Grasshopper (level 5, 0/42 HPs)
             Began as a Demigod Warper on July 5, 2022.
             Splashed by a jelly's acid (7 damage)
             ... on level 4 of the Dungeon.
             The game lasted 00:16:52 (5695 turns).

indigestion the Grasshopper (Demigod Warper)        Turns: 5695, Time: 00:16:53

Health: 0/42       AC:  4    Str: 16    XL:     5   Next: 52%
Magic:  11/11      EV: 26    Int: 15    God:
Gold:   161        SH:  0    Dex: 13    Spells: 4/9 levels left

rFire   . . .      SeeInvis +   w - +10 hammer of the Lost Cities {venom, Contam rPois rC++ SInv}
rCold   + + .      Faith    .   (no shield)
rNeg    . . .      Spirit   .   n - +0 ring mail
rPois   +          Reflect  .   (no helmet)
rElec   .          Harm     .   y - +2 cloak
rCorr   .          Rampage  .   (no gloves)
Will    .....                   (no boots)
Stlth   +.........              p - amulet of the acrobat
HPRegen 0.14/turn               v - ring of flight
MPRegen 0.12/turn               (no ring)

@: corroded, acrobatic, flying
A: high MP 1, forlorn, divine attributes
a: no special abilities


You were on level 4 of the Dungeon.
You visited 1 branch of the dungeon, and saw 4 of its levels.

You collected 161 gold pieces.

Inventory:

Hand Weapons
 a - a +0 hand axe
 m - a +2 short sword of draining
 o - a +2 dagger of venom
 w - the +10 hammer of the Lost Cities (weapon) {venom, Contam rPois rC++ SInv}
   (You found it on level 3 of the Dungeon)

   It poisons the flesh of those it strikes.
   rC:        It greatly protects you from cold.
   rPois:     It protects you from poison.
   SInv:      It lets you see invisible.
   Contam:    It causes magical contamination when unequipped.
 x - a +2 quarterstaff of chaos
Missiles
 d - 7 boomerangs of dispersal (quivered)
 s - 2 boomerangs
Armour
 b - a +0 leather armour
 l - the +0 robe of Going Fast {Dex+2}
   (You found it on level 2 of the Dungeon)

   Dex:       It affects your dexterity (+2).
 n - a +0 ring mail (worn)
 y - a +2 cloak (worn)
Jewellery
 p - an amulet of the acrobat (around neck)
 v - a ring of flight (left hand)
Wands
 t - a wand of roots (9)
Scrolls
 c - a scroll of blinking
 e - 2 scrolls of fog {unknown}
 f - a scroll of torment {unknown}
 i - 6 scrolls of identify {unknown}
 q - a scroll of amnesia {unknown}
 r - a scroll of teleportation {unknown}
 u - a scroll of immolation {unknown}
Potions
 g - 2 potions of haste {unknown}
 h - a potion of brilliance {unknown}
 j - a potion of heal wounds
 k - a potion of degeneration {unknown}


   Skills:
 - Level 2.5 Fighting
 - Level 0.9 Short Blades
 - Level 2.4(2.7) Axes
 + Level 1.5(2.2) Maces & Flails
 - Level 0.8 Throwing
 + Level 2.9 Armour
 - Level 2.0 Dodging
 - Level 2.6 Spellcasting
 - Level 3.1 Translocations


You had 4 spell levels left.
You knew the following spells:

 Your Spells              Type           Power      Damage    Failure   Level
a - Magic Dart            Conj           4%         1d3       36%         1
b - Blink                 Tloc           22%        N/A       16%         2
c - Call Imp              Summ           1%         N/A       52%         2

Your spell library contained the following spells:

 Spells                   Type           Power      Damage    Failure   Level
 Gell's Gravitas          Tloc           11%        N/A       32%         3
 Lesser Beckoning         Tloc           11%        N/A       32%         3
 Teleport Other           Tloc           11%        N/A       32%         3
 Slow                     Hex            4%         N/A       36%         1
 Ensorcelled Hibernation  Hex/Ice        2%         N/A       52%         2
 Passage of Golubria      Tloc           11%        N/A       71%         4
 Confusing Touch          Hex            1%         N/A       75%         3
 Mephitic Cloud           Conj/Pois/Air  1%         N/A       75%         3
 Spider Form              Tmut/Pois      1%         N/A       75%         3
 Summon Guardian Golem    Hex/Summ       1%         N/A       75%         3
 Tukima's Dance           Hex            1%         N/A       75%         3
 Vampiric Draining        Necr           1%         2d6       75%         3
 Anguish                  Hex/Necr       0%         N/A       98%         4
 Manifold Assault         Tloc           11%        N/A       96%         5
 Yara's Violent Unravell  Hex/Tmut       0%         3d3       100%        5
 Orb of Destruction       Conj           0%         9d5       100%        7
 Spellforged Servitor     Conj/Summ      0%         N/A       100%        7


Dungeon Overview and Level Annotations

Branches:
Dungeon (4/15)
 Temple: D:4-7

Shops:
D:1 *   D:4 =


Innate Abilities, Weirdness & Mutations

You have an increased reservoir of magic. (+10% MP)
You shall have no god before yourself.
Your divine heritage dramatically boosts your attributes as you level up.


Message History

The orc wizard misses you.
You sock the orc wizard!
The orc wizard is almost dead.
The orc wizard gestures at you while chanting.
You resist with some effort.
You hit the orc wizard.
You kill the orc wizard!
An ogre comes into view. It is wielding a +0 giant spiked club.
The ogre shouts!
The ogre misses you.
You hit the ogre.
The ogre is moderately wounded.
The ogre hits you with a +0 giant spiked club!!
Ouch! That really hurt!
* * * LOW HITPOINT WARNING * * *
Blink to where?
Press: ? - help, Dir - move target
Okay, then.
Blink to where?
Press: ? - help, Dir - move target
As you read the scroll of blinking, it crumbles to dust.
Things that are here:
a +0 dagger; a +0 robe; an orc corpse
Things that are here:
a +0 short sword; a kobold corpse
There is an entrance to Rejyudiss's Jewellery Shoppe here.
Things that are here:
a +0 morningstar; an orc corpse The orc shouts!
Okay, then.
Okay, then.
The jelly quivers.
The orc misses you. The orc attacks as you move away!
The orc hits you with a +0 hand axe.
* * * LOW HITPOINT WARNING * * *
The jelly closely misses you. The jelly attacks as you move away!
The jelly hits you.
* * * LOW HITPOINT WARNING * * *
The acid corrodes you!
You are splashed with acid!
You die...

##......#...## ####
##.........#.)### ###..#
#..........##.∩.###.....
#..........####O)#......
........O..# ##†...O...
...........# ##.......
...........# ##.......
.......Jo.## #........
.......@..# ##........
..........# #.........
.........## #.........
.......<## #.........
..8.8..## #..........
#...... #..........
.≈..... #..........
≈≈≈≈≈.. #..........
≈≈≈≈≈≈.# ..........


You could see an ogre, a jelly and an orc.

Vanquished Creatures
  Crazy Yiuf (D:3)
  Ijyb (D:3)
  An orc wizard (D:4)
  9 adders
  A worm (D:1)
  4 orcs
  2 bats (D:1)
  6 endoplasms
  3 giant cockroaches
  10 goblins
  6 hobgoblins
  2 jackals (D:2)
  5 quokkas
  8 ball pythons
  2 frilled lizards (D:1)
  10 kobolds
  3 rats
74 creatures vanquished.

Notes
Turn   | Place    | Note
-------+----------+-------------------------------------------
     0 | D:1      | indigestion the Demigod Warper began the quest for the Orb.
     0 | D:1      | Reached XP level 1. HP: 17/17 MP: 5/5
   106 | D:1      | Found Feumuli's General Store.
   311 | D:1      | Reached skill level 1 in Armour
   559 | D:1      | Learned a level 1 spell: Magic Dart
   732 | D:1      | Reached XP level 2. HP: 18/24 MP: 7/7
  1530 | D:1      | Learned a level 2 spell: Blink
  1556 | D:1      | Reached skill level 3 in Translocations
  1561 | D:1      | Reached XP level 3. HP: 12/29 MP: 8/8
  2405 | D:2      | Identified the +0 robe of Going Fast {Dex+2}
  2858 | D:2      | Learned a level 2 spell: Call Imp
  3053 | D:2      | Reached XP level 4. HP: 10/37 MP: 10/10
  4512 | D:3      | Noticed Ijyb
  4521 | D:3      | Killed Ijyb
  4940 | D:3      | Identified the +10 hammer of the Lost Cities {venom, Contam
                  | rPois rC++ SInv}
  4958 | D:3      | Found a runed translucent door.
  4965 | D:3      | Noticed Crazy Yiuf
  5206 | D:3      | Killed Crazy Yiuf
  5207 | D:3      | Reached XP level 5. HP: 15/42 MP: 11/11
  5508 | D:4      | Found Rejyudiss's Jewellery Shoppe.
  5530 | D:4      | Reached skill level 1 in Maces & Flails
  5644 | D:4      | Noticed an ogre
  5695 | D:4      | Splashed by a jelly's acid

Illustrated notes

Levels and vault maps discovered:
D:1:      evilmike_arrival_crescent, layout_basic, serial_shops,
          nicolae_square_shop
D:2:      layout_basic
D:3:      layout_rooms, lemuel_coloured_pillars_altar,
          nemelex_dance_club_becter, nrook_mini_backslash, uniq_ijyb,
          uniq_crazy_yiuf_cottage
D:4:      layout_cave_pods, gammafunk_temple_overflow_forgotten,
          serial_column_ruins, column_ruins_courtyard_long_water,
          column_ruins_open_small, column_ruins_columns_straight,
          column_ruins_columns_straight, serial_shops, shop,
          minmay_manual_mullet

Skill      XL: |  1  2  3  4  5 |
---------------+----------------+-----
Armour         | 1 2 |  2.9
Dodging        | 2 |  2.0
Axes           | 2 |  2.4
Fighting       | 2 |  2.5
Spellcasting   | 2 |  2.6
Translocations | 3 |  3.1
Maces & Flails | 1 |  1.5
Short Blades   | |  0.9
Throwing       | |  0.8

Action                   |  1- 3 |  4- 6 || total
-------------------------+-------+-------++-------
Melee: Hand axe          |   148 |    12 ||   160
       Punch             |     2 |       ||     2
       Dagger            |       |    31 ||    31
       Short sword       |       |    29 ||    29
       Mace              |       |    31 ||    31
 Cast: Magic Dart        |     1 |     4 ||     5
  Use: Potion            |       |     1 ||     1
       Scroll            |       |     1 ||     1
 Stab: Sleeping          |     1 |       ||     1
Armor: Leather armour    |    41 |     2 ||    43
       Robe              |       |    10 ||    10
       Ring mail         |       |    15 ||    15
Dodge: Dodged            |   111 |    85 ||   196

Table legend: (Time is in decaauts)
 A = Elapsed time spent in this place.
 B = Non-inter-level travel time spent in this place.
 C = Inter-level travel time spent in this place.
 D = Time resting spent in this place.
 E = Time spent auto-exploring this place.
 F = Levels seen in this place.
 G = Mean time per level.
                   A        B        C        D        E       F      G
               +--------+--------+--------+--------+--------+-----+--------+
         Total |   5740 |   5668 |     72 |   2531 |   2390 |   4 | 1435.0 |
       Dungeon |   5740 |   5668 |     72 |   2531 |   2390 |   4 | 1435.0 |
               +--------+--------+--------+--------+--------+-----+--------+

Top non-repeatable levels by time:
     D:2: 2050 daAuts
     D:1: 1970 daAuts
     D:3: 1495 daAuts
     D:4: 224 daAuts
